 Dungeon Crawl Stone Soup version 0.19.0-19-g8c6edcc (webtiles) character file.

135 tbh1313 the Chopper (level 4, -1/39 HPs)
             Began as a Minotaur Fighter on Nov 14, 2016.
             Slain by an ogre
             ... wielding a +0 giant club
              (23 damage)
             ... on level 3 of the Dungeon.
             The game lasted 00:04:22 (1617 turns).

tbh1313 the Chopper (Minotaur Fighter)              Turns: 1617, Time: 00:04:23

Health: -1/39      AC:  6    Str: 20    XL:     4   Next: 96%
Magic:  3/3        EV:  9    Int:  6    God:
Gold:   150        SH:  0    Dex: 10    Spells: 0 memorised, 3 levels left

rFire  + . .     SeeInvis .     a - +0 war axe
rCold  . . .     Gourm    .     b - +0 scale mail
rNeg   . . .     Faith    .     (no shield)
rPois  .         Spirit   .     (helmet restricted)
rElec  .         Reflect  .     (no cloak)
rCorr  .         Harm     .     (no gloves)
MR     .....                    (no boots)
Stlth  ..........               m - amulet of rage
                                (no ring)
                                n - ring of protection from fire

@: no status effects
A: retaliatory headbutt, horns 2
a: Evoke Berserk Rage


You were on level 3 of the Dungeon.
You were not hungry.

You visited 1 branch of the dungeon, and saw 3 of its levels.

You collected 150 gold pieces.

Inventory:

Hand Weapons
 a - a +0 war axe (weapon)
Armour
 b - a +0 scale mail (worn)
Jewellery
 g - an uncursed amulet of faith
 m - an amulet of rage (around neck)
 n - a ring of protection from fire (left hand)
Scrolls
 c - a scroll of amnesia
Potions
 d - 2 potions of might
 e - 2 potions of lignification
 h - 2 potions of heal wounds
 i - a potion of ambrosia {unknown}
 l - a potion of invisibility {unknown}
 p - 2 potions of degeneration {unknown}
Comestibles
 f - 2 bread rations
 j - a beef jerky
 k - 9 chunks of flesh


   Skills:
 - Level 3.6 Fighting
 + Level 6.3 Axes
 - Level 3.6 Armour
   Level 3.6 Shields


You had 3 spell levels left.
You didn't know any spells.

Dungeon Overview and Level Annotations

Branches:
Dungeon (3/15)

Altars:


Innate Abilities, Weirdness & Mutations

You reflexively headbutt those who attack you in melee.
You have a pair of horns on your head.


Message History

The leopard gecko is moderately wounded.
The leopard gecko barely misses you.
The leopard gecko bites you but does no damage.
You slash the leopard gecko!
You kill the leopard gecko!
No target in view!
Some of the chunks of flesh in your inventory have rotted away.
Found a ring mail.
Found 3 large rocks.
An ogre comes into view. It is wielding a giant club.
The ogre shouts!
An ogre is nearby!
You hit the ogre.
The ogre is lightly wounded.
The ogre hits you with a giant club!
You are too injured to fight recklessly!
You are too injured to fight recklessly!
You fail to use your ability.
The ogre hits you with a giant club!!
Ouch! That really hurt!
You die...

. .# .. .. .#
...# #. .#....#
# #. ##.#[... .
#.###.##...... .
#......#..#.####
####.....(......
#
#............###
.
####.#.#@O......
. #.#........
#.#.##.#### #.
#.#.# # #.#
#.#.# #.# #.#.#
#.# #.#.# #.#
#.#.# #.# #.#


You could see an ogre.

Vanquished Creatures
  An orc wizard (D:3)
  2 adders (D:3)
  2 dart slugs (D:2)
  3 leopard geckos
  13 orcs (D:3)
  8 giant cockroaches
  7 goblins
  9 hobgoblins
  A quokka (D:3)
  2 ball pythons
  7 bats
  2 frilled lizards (D:2)
  3 kobolds
  4 rats
64 creatures vanquished.

Notes
Turn   | Place    | Note
-------+----------+-------------------------------------------
     0 | D:1      | tbh1313 the Minotaur Fighter began the quest for the Orb.
     0 | D:1      | Reached XP level 1. HP: 19/19 MP: 0/0
    88 | D:1      | Reached skill level 3 in Axes
   162 | D:1      | Reached XP level 2. HP: 22/26 MP: 1/1
   454 | D:1      | Reached skill level 4 in Axes
   842 | D:2      | Reached XP level 3. HP: 27/31 MP: 2/2
  1321 | D:3      | Reached skill level 5 in Axes
  1321 | D:3      | Reached XP level 4. HP: 25/39 MP: 3/3
  1416 | D:3      | Reached skill level 6 in Axes
  1614 | D:3      | Noticed an ogre
  1617 | D:3      | Slain by an ogre

Skill      XL: |  1  2  3  4 |
---------------+-------------+-----
Axes           | 3 4 5 6 |  6.3
Fighting       | |  3.6
Armour         | |  3.6
Shields        | |  3.6

Action                   |  1- 3 |  4- 6 || total
-------------------------+-------+-------++-------
Melee: War axe           |    92 |    54 ||   146
       Headbutt          |    11 |     5 ||    16
 Abil: Evoke Berserk Rag |       |     1 ||     1
  Use: Scroll            |    10 |       ||    10
  Eat: Chunk             |       |     3 ||     3
Armor: Scale mail        |    56 |    28 ||    84
Dodge: Dodged            |    59 |    27 ||    86
Block: Shield            |    10 |       ||    10
